Map: Lightshade LE

Players

Serral

  • Race: Zerg Zerg
  • League: Master

Lambo - Winner!

  • Race: Zerg Zerg
  • League: Grandmaster

Event: DreamHack SC2 Masters 2021 Summer

VOD

Have the link to the VOD?

Description

Time

  • Played on: June 5, 2021, 10:18 a.m.
  • Length: 6:42

All games in this series

Show
View Real Time Build Order
Export as new Build Order

Serral Zerg 

Build Orders: Hatch First 

Get SALT Encoding   

  12  0:00  Drone  
  13  0:12  Overlord  
  13  0:16  Drone  
  14  0:30  Drone  
  14  0:31  Drone  
  16  0:47  Hatchery  
  15  0:50  Drone  
  15  0:54  Drone  
  17  0:58  Drone  
  18  1:08  Extractor  
  17  1:13  Spawning Pool  
  17  1:15  Drone  
  17  1:19  Drone  
  18  1:27  Drone  
  19  1:38  Drone  
  20  1:48  Drone  
  21  1:59  Queen x2  
  21  2:00  Zergling x2, Overlord  
  26  2:09  Drone  
  26  2:10  Drone  
  28  2:20  Drone  
  28  2:21  Drone  
  30  2:33  Hatchery  
  30  2:35  Drone  
  30  2:37  Drone  
  30  2:40  Queen  
  33  2:45  Overlord  
  33  2:47  Drone  
  34  2:54  Drone x2  
  36  3:04  Drone  
  37  3:07  Drone x6  
  37  3:09  Drone  
  44  3:13  Evolution Chamber  
  43  3:20  Roach Warren  
  43  3:25  Lair  
  43  3:26  Drone  
  43  3:28  Drone  
  43  3:32  Overlord  
  44  3:38  Zerg Missile Weapons Level 1  
  44  3:39  Extractor x2, Drone  
  44  3:40  Drone  
  44  3:49  Drone x3  
  44  3:50  Drone  
  44  3:55  Overlord  
  48  4:04  Roach x3  
  48  4:07  Drone  
  48  4:08  Drone x2  
  57  4:14  Drone x3  
  57  4:15  Drone  
  60  4:17  Overlord  
  60  4:20  Overlord  
  60  4:22  Roach x2  
  64  4:24  Overseer  
  64  4:27  Drone  
  64  4:29  Evolution Chamber  
  64  4:30  Glial Reconstitution  
  64  4:33  Roach  
  64  4:37  Drone x2  
  68  4:39  Overlord  
  68  4:43  Drone  
  68  4:45  Roach x2  
  73  4:49  Drone  
  73  4:50  Drone x3  
  77  4:54  Overseer  
  77  5:01  Queen  
  77  5:05  Overlord  
  79  5:08  Roach x3  
  79  5:11  Spore Crawler, Drone  
  85  5:17  Roach x2  
  89  5:26  Overlord  
  89  5:27  Overlord  
  93  5:28  Overlord  
  93  5:31  Overlord  
  93  5:36  Overlord  
  93  5:37  Roach x2  
  93  5:40  Roach x2  
  93  5:42  Overlord x3  
  97  5:45  Overlord  
  97  5:46  Ravager  
  97  5:47  Roach x3  
  97  5:49  Ravager  
  105  5:51  Roach  
  105  5:54  Overlord  
  105  5:55  Roach  
  109  5:58  Roach  
  109  6:00  Roach  
  109  6:02  Roach  
  115  6:11  Roach x3  
  121  6:15  Roach  
  119  6:21  Roach x2  
Show
View Real Time Build Order
Export as new Build Order

Lambo Zerg - Winner!

Build Orders: Hatch First 

Get SALT Encoding   

  12  0:00  Drone  
  13  0:12  Overlord  
  13  0:17  Drone  
  14  0:30  Drone x2  
  16  0:47  Hatchery  
  15  0:50  Drone  
  15  0:53  Drone  
  17  0:57  Drone  
  18  1:07  Extractor  
  17  1:12  Spawning Pool  
  17  1:15  Drone  
  17  1:18  Drone  
  18  1:27  Drone  
  19  1:38  Drone  
  20  1:49  Drone  
  21  1:59  Queen x2  
  21  2:00  Overlord, Drone  
  26  2:10  Drone x2  
  28  2:21  Drone  
  28  2:22  Drone  
  30  2:31  Overlord, Drone  
  30  2:34  Queen  
  30  2:35  Queen  
  35  2:42  Drone  
  36  2:45  Evolution Chamber  
  36  2:47  Drone  
  36  2:55  Drone x2  
  38  3:04  Drone x2  
  40  3:07  Drone x4  
  40  3:08  Overlord  
  40  3:12  Roach Warren  
  43  3:18  Lair  
  43  3:20  Drone  
  43  3:23  Extractor  
  43  3:24  Drone  
  43  3:25  Extractor  
  43  3:31  Drone x2, Evolution Chamber  
  44  3:34  Drone  
  44  3:38  Drone x3  
  48  3:49  Overlord  
  48  3:51  Drone  
  48  3:55  Overlord  
  50  4:03  Zerg Missile Weapons Level 1  
  50  4:07  Overlord, Hatchery  
  49  4:18  Glial Reconstitution  
  49  4:19  Roach x5  
  59  4:25  Roach x2  
  59  4:29  Roach x2  
  67  4:33  Roach  
  67  4:38  Roach x2  
  73  4:44  Overlord  
  75  4:45  Roach  
  75  4:46  Overlord  
  75  4:55  Overlord  
  75  5:02  Roach  
  75  5:03  Roach x3  
  75  5:06  Overlord  
  83  5:07  Roach x2  
  83  5:12  Overlord  
  83  5:13  Roach  
  89  5:17  Roach  
  89  5:20  Roach x2  
  95  5:26  Roach x2  
  99  5:30  Roach  
  99  5:35  Roach x3  
  107  5:39  Roach x2  
  107  5:42  Ravager x2  
  113  5:45  Ravager  
  113  5:48  Overlord  
  114  5:54  Roach x2  
  114  5:55  Roach  
  120  5:58  Roach  
  120  6:02  Overlord  
  122  6:08  Roach x3  
  122  6:10  Roach  
  128  6:21  Roach x3  
Tags
 
Add a new tag
Caveats
  • Supply blocks, unpowered buildings, or Contaminate may cause inaccurate times.
  • Supply counts are checked every 10 seconds.